 Dungeon Crawl Stone Soup version 0.30-a0-358-g0d69a1922f (webtiles) character file.

Game seed: 1671146249278130264

8910 Nerdsrcool the Thaumaturge (level 11, -3/67 HPs)
             Began as a Djinni Fire Elementalist on Nov 8, 2022.
             Was a Believer of Makhleb.
             Slain by a large slime creature (12 damage)
             ... on level 9 of the Dungeon on Nov 9, 2022.
             The game lasted 01:14:07 (10929 turns).

Nerdsrcool the Thaumaturge (DjFE)                  Turns: 10929, Time: 01:14:07

Health: -3/67      AC:  9    Str: 14 (15) XL:     11   Next: 64%
Gold:   523        EV: 10    Int: 21 (23) God:    Makhleb [**....] SH:  0 Dex: 13 (14)

rFire   + + .      SeeInvis .    L - +6 dagger of Sequestration {vorpal, rElec rCorr Str+4}
rCold   x . .      Faith    .    (no shield)
rNeg    . . .      Spirit   .    p - +0 scale mail
rPois   ∞          Reflect  .    (no helmet)
rElec   +          Harm     .    u - +0 cloak
rCorr   +          Rampage  .    (no gloves)
Will    +....                    (boots unavailable)
Stlth   ..........               (no amulet)
HPRegen 0.31/turn                i - +6 ring of intelligence
MPRegen 0.00/turn                n - ring of wizardry

@: silenced, flying, hasted, very quick
A: sickness immunity, fire resistance 2, cold vulnerability 1, float, innate
caster, HP casting, extra vitality 1
a: Renounce Religion


You were on level 9 of the Dungeon.
You worshipped Makhleb.
Makhleb was pleased with you.
You visited 2 branches of the dungeon, and saw 10 of its levels.

You collected 523 gold pieces.

Inventory:

Hand Weapons
 t - a +5 quarterstaff of chaos
 L - the +6 dagger of Sequestration (weapon) {vorpal, rElec rCorr Str+4}
   (You found it on level 6 of the Dungeon)

   It inflicts extra damage upon your enemies.
   Str:       It affects your strength (+4).
   rElec:     It insulates you from electricity.
   rCorr:     It protects you from acid and corrosion.
 O - a +2 sling of flaming
 P - a +4 dagger of venom
 Q - a +5 mace of freezing
 R - a +4 long sword
 T - a +4 dire flail of freezing
Missiles
 g - 17 poisoned darts
 j - 3 atropa-tipped darts
 l - a throwing net
 x - a curare-tipped dart
 F - 4 boomerangs of dispersal
Armour
 p - a +0 scale mail (worn)
 u - a +0 cloak (worn)
 H - the +1 helmet of the Lotus Blossom {rCorr Str-5 Int+8 Dex-4}
   (You found it on level 5 of the Dungeon)

   Str:       It affects your strength (-5).
   Int:       It affects your intelligence (+8).
   Dex:       It affects your dexterity (-4).
   rCorr:     It protects you from acid and corrosion.
 U - a +4 plate armour
Jewellery
 i - a +6 ring of intelligence (left hand)
 n - a ring of wizardry (right hand)
 y - a ring of fire
 D - a +4 ring of evasion
 I - a ring of willpower
 X - a +4 ring of protection
Wands
 G - a wand of flame (22)
 S - a wand of iceblast (14)
Scrolls
 a - a scroll of identify
 e - 5 scrolls of vulnerability
 k - 4 scrolls of butterflies
 s - 3 scrolls of teleportation
 w - a scroll of summoning
 B - a scroll of noise
 E - 2 scrolls of magic mapping
 J - 2 scrolls of torment
Potions
 b - a potion of might {unknown}
 c - a potion of curing
 h - 2 potions of magic
 m - 4 potions of brilliance
 o - a potion of lignification {unknown}
 r - 4 potions of flight
 v - a potion of ambrosia {unknown}
 z - 3 potions of haste
 A - 2 potions of cancellation {unknown}
 C - a potion of mutation {unknown}


   Skills:
 + Level 1.3 Fighting
 + Level 0.4 Short Blades
 + Level 2.2 Staves
 + Level 0.1 Throwing
 + Level 6.4 Armour
 + Level 3.3 Dodging
 + Level 3.3 Stealth
 + Level 12.0 Spellcasting


You had 6 spell levels left.
You knew the following spells:

 Your Spells              Type           Power      Damage    Failure   Level
a - Foxfire               Conj/Fire      100%       2x1d9     1%          1
b - Scorch                Fire           100%       2d10      1%          2
c - Kindle Blastsparks    Fire/Tloc/Air  100%       2d18      1%          3
d - Inner Flame           Hex/Fire       59%        N/A       1%          3
e - Flame Wave            Conj/Fire      59%        2d14      1%          4
f - Freeze                Ice            100%       1d10      1%          1
g - Momentum Strike       Conj/Tloc      100%       3d10      1%          2
h - Hailstorm             Conj/Ice       59%        3d13      1%          3
i - Airstrike             Air            29%        2d(5-21)  1%          4
j - Alistair's Intoxicat  Tmut/Pois      39%        N/A       1%          5
Your spell library was empty.

Dungeon Overview and Level Annotations

Branches:
Dungeon (9/15)             Temple (1/1) D:7
   Lair: D:8-11         Orc: D:9-12

Altars:
Ashenzari
Cheibriados
Dithmenos
Elyvilon
Fedhas
Gozag
Hepliaklqana
Makhleb
Nemelex Xobeh
Okawaru
Qazlal
Ru
Trog
Uskayaw
Wu Jian
Xom
Yredelemnul
Zin
The Shining One
Jiyva

Shops:
D:5 :

Annotations:
D:9 chamandro's ghost, journeyman DrCj


Innate Abilities, Weirdness & Mutations

You are immune to sickness and miasma.
You are immune to poison.
Your flesh is very heat resistant. (rF++)
You are vulnerable to cold. (rC-)
You float through the air rather than walking.
You learn spells naturally, not from books.
Your magical power is your life essence.
You have superior vitality. (+4 MHP)


Message History

The large slime creature attacks as you move away!
The large slime creature hits you!!
Ouch! That really hurt!
* * * LOW HITPOINT WARNING * * *
The jelly attacks as you move away! The jelly barely misses you.
The cloud of blastsparks explodes!
The concussive blast engulfs chamandro's ghost!
Chamandro's ghost is lightly damaged.
The concussive blast engulfs the large slime creature!!
The large slime creature is moderately wounded.
The concussive blast engulfs the jelly!!
You kill the jelly!
Makhleb accepts your kill. The concussive blast engulfs you. You resist.
* * * LOW HITPOINT WARNING * * *
You are knocked back by the blast.
The cloud of blastsparks explodes!
The concussive blast engulfs chamandro's ghost.
Chamandro's ghost is lightly damaged.
Chamandro's ghost is knocked back by the blast.
The cloud of blastsparks explodes! x2
The concussive blast engulfs chamandro's ghost.
Chamandro's ghost is lightly damaged.
The concussive blast engulfs the large slime creature!
The large slime creature is moderately wounded.
The cloud of blastsparks explodes!
The concussive blast engulfs the large slime creature!
The large slime creature is heavily wounded.
The concussive blast engulfs chamandro's ghost!
Chamandro's ghost is moderately damaged.
Chamandro's ghost is knocked back by the blast.
Read: scroll of silence
Press: ? - help, Q - select action, (/) - cycle Dir - look around, f - activate Look: chamandro's ghost (moderately damaged)
As you read the scroll of silence, it crumbles to dust.
A profound silence engulfs you.
The jelly jiggles.
You feel yourself speed up.
Chamandro's ghost hits you but does no damage.
The large slime creature hits you!
You die...

#.....#
#########.############.#
#.....###...<.....# #####.#
#.........######### #......
#.....##### ###########.###(#
#....##...######...........#
#.#
###.##.....#..##.########..#
#.# ####.#$.....'..##.# #..#
#.# ..##.#_$....'JJJ#.######
#..# #.#
#....#?.....'.JW@......# #..#
#.#
#....##.....#..##.####.###..#
#.#
......##...######...........#
#..
#......#####.........#.####.#
##.
#....................#.####.#
#.
#.#.##.############.........##
#> ..#.##.# #.##.###.#.###.
###.##.# #.......###.##.
#.##.# ####.###.#.....


You could see a large slime creature, 3 jellies and chamandro's ghost.

Vanquished Creatures
  Erica (D:8)
  2 two-headed ogres
  Joseph (D:7)
  Maggie (D:6)
  2 trolls
  A queen bee (D:9)
  A wraith (D:9)
  11 yaks
  A steam dragon (D:9)
  Menkaure (D:7)
  Duvessa (D:7)
  2 water moccasins
  2 ice beasts (D:7)
  A sky beast (D:8)
  A black bear (D:6)
  2 ogres (D:5)
  5 centaurs
  2 phantoms
  A kobold brigand (D:8)
  3 bullfrogs
  4 scorpions
  4 necrophages
  2 gnoll sergeants
  5 wights (D:7)
  Dowan (D:7)
  13 killer bees (D:9)
  3 howler monkeys (D:9)
  3 hounds
  2 jellies
  2 orc priests (D:7)
  A gnoll bouda (D:9)
  Crazy Yiuf (D:3)
  4 iguanas
  3 orc wizards
  13 gnolls
  7 adders
  4 shadow imps
  4 white imps
  An ufetubus (D:4)
  2 worms
  33 orcs
  3 ball pythons
  4 bats
  9 endoplasms
  5 giant cockroaches
  10 goblins
  8 hobgoblins
  8 jackals (D:2)
  A quokka (D:1)
  A frilled lizard (D:3)
  13 kobolds
  A rat (D:1)
217 creatures vanquished.

Vanquished Creatures (collateral kills)
  3 foxfires
3 creatures vanquished.

Vanquished Creatures (others)
  A jelly (D:4)
  An orc (D:6)
  571 foxfires
  7 fungi (D:2)
  30 plants
610 creatures vanquished.

Grand Total: 830 creatures vanquished

Notes
Turn   | Place    | Note
-------+----------+-------------------------------------------
     0 | D:1      | Nerdsrcool the Djinni Fire Elementalist began the quest for
                  | the Orb.
     0 | D:1      | Nerdsrcool set off with the following spells memorised:
                  | Foxfire, Scorch, Kindle Blastsparks, Inner Flame, Flame
                  | Wave.
     0 | D:1      | Reached XP level 1. HP: 15/15 MP: 0/0
   120 | D:1      | Reached XP level 2. HP: 18/21 MP: 0/0
   576 | D:1      | Reached XP level 3. HP: 24/25 MP: 0/0
   576 | D:1      | Learned a level 1 spell: Freeze
   627 | D:1      | Reached skill level 3 in Spellcasting
  1168 | D:2      | Found a faded altar of an unknown god.
  1444 | D:2      | Reached XP level 4. HP: 28/31 MP: 0/0
  2092 | D:3      | Found a runed translucent door.
  2093 | D:3      | Noticed Crazy Yiuf
  2789 | D:3      | Killed Crazy Yiuf
  2790 | D:3      | Reached skill level 4 in Spellcasting
  2790 | D:3      | Reached XP level 5. HP: 2/35 MP: 0/0
  2790 | D:3      | Learned a level 2 spell: Momentum Strike
  3177 | D:4      | Reached XP level 6. HP: 35/40 MP: 0/0
  3609 | D:4      | Reached skill level 5 in Spellcasting
  3659 | D:4      | Reached XP level 7. HP: 41/45 MP: 0/0
  3659 | D:4      | Learned a level 3 spell: Hailstorm
  4110 | D:5      | Entered Level 5 of the Dungeon
  4171 | D:5      | Reached skill level 1 in Staves
  4395 | D:5      | Found Hiozuwk's Tremendous Tomes.
  4524 | D:5      | Reached skill level 6 in Spellcasting
  4655 | D:5      | Reached XP level 8. HP: 47/51 MP: 0/0
  4946 | D:5      | Identified the +1 helmet of the Lotus Blossom {rCorr Str-5
                  | Int+8 Dex-4}
  5269 | D:6      | Noticed Maggie
  5279 | D:6      | Killed Maggie
  5280 | D:6      | Reached skill level 7 in Spellcasting
  5759 | D:6      | Reached skill level 1 in Armour
  5784 | D:6      | Identified the +6 dagger of Sequestration {vorpal, rElec
                  | rCorr Str+4}
  5970 | D:6      | Reached XP level 9. HP: 31/56 MP: 0/0
  5970 | D:6      | Learned a level 4 spell: Airstrike
  6227 | D:6      | Identified the +0 ring mail of the Shore {Rampage Will++
                  | Str-3 Stlth-}
  6528 | D:7      | Noticed Joseph
  6544 | D:7      | Killed Joseph
  6545 | D:7      | Reached skill level 8 in Spellcasting
  6775 | D:7      | Noticed Menkaure
  6779 | D:7      | Killed Menkaure
  6814 | D:7      | Found a staircase to the Ecumenical Temple.
  6879 | D:7      | Noticed a two-headed ogre
  6882 | D:7      | Noticed Dowan
  6883 | D:7      | Killed a two-headed ogre
  6884 | D:7      | Reached skill level 9 in Spellcasting
  6884 | D:7      | Reached XP level 10. HP: 45/61 MP: 0/0
  6887 | D:7      | Killed Dowan
  6892 | D:7      | Noticed Duvessa
  6896 | D:7      | Killed Duvessa
  7140 | Temple   | Entered the Ecumenical Temple
  7386 | Temple   | Became a worshipper of Makhleb the Destroyer
  7535 | D:7      | Found an iron altar of Okawaru.
  7714 | D:7      | Reached skill level 10 in Spellcasting
  8054 | D:7      | Reached * piety under Makhleb
  8454 | D:8      | Noticed Erica
  8458 | D:8      | Killed Erica
  8712 | D:8      | Found a glowing silver altar of Zin.
  8730 | D:8      | Found a blossoming altar of Fedhas.
  8914 | D:8      | Reached skill level 11 in Spellcasting
  8919 | D:8      | Reached XP level 11. HP: 23/66 MP: 0/0
  8919 | D:8      | Learned a level 5 spell: Alistair's Intoxication
  9235 | D:8      | Noticed a two-headed ogre
  9238 | D:8      | Killed a two-headed ogre
  9239 | D:8      | Reached skill level 5 in Armour
  9362 | D:8      | Found a basalt altar of Yredelemnul.
  9796 | D:9      | Found a stormy altar of Qazlal.
  9838 | D:9      | Reached skill level 1 in Fighting
 10182 | D:9      | Reached ** piety under Makhleb
 10607 | D:9      | Found a runed translucent gate.
 10607 | D:9      | Found a runed translucent gate.
 10607 | D:9      | Found a runed translucent gate.
 10610 | D:9      | Noticed chamandro's ghost (journeyman DrCj)
 10752 | D:9      | Reached skill level 12 in Spellcasting
 10910 | D:9      | Found a viscous altar of Jiyva.
 10929 | D:9      | Slain by a large slime creature

Illustrated notes

Levels and vault maps discovered:
D:1:      nzn_arrival_water_spiral, layout_basic
D:2:      layout_loops_ring, shapermc_ecumenical_altar_hornbeckon,
          small_statue_intersection
D:3:      layout_loops_corners, uniq_crazy_yiuf_cottage
D:4:      minmay_chambers_of_fours, layout_basic, serial_glass, glass_columns_b,
          glass_columns_a, minmay_splitting_lines
D:5:      layout_loops_corners, mainiacjoe_overflow_small_starburst,
          fountainhead, nicolae_shop_i_like_big_books
D:6:      layout_loops_corners, nicolae_concentric_dashed_squares_mild,
          uniq_maggie
D:7:      layout_loops_cross, okawaru_altar_gauntlet_db,
          minmay_temple_entry_arrows, grunt_decor_one_mirror, kennysheep_path_1,
          st_stairs_2, kennysheep_generic_room_7, uniq_joseph, uniq_menkaure,
          uniq_duvessa
D:8:      layout_gridville, nicolae_overflow_hidden_temple,
          kennysheep_mini_moat, mainiacjoe_overflow_surrounded_room, uniq_erica
D:9:      layout_loops_ring, mainiacjoe_overflow_catwalk, gammafunk_ghost_ooze,
          minivault_1, nicolae_looking_at_the_future
Temple:   minmay_temple_bridge_d

Skill      XL: |  1  2  3  4  5  6  7  8  9 10 11 |
---------------+----------------------------------+-----
Spellcasting   | 3 4 5 6 7 9 11 12 | 12.0
Stealth        | 2 3 |  3.3
Staves         | 1 2 |  2.2
Armour         | 1 3 4 6 |  6.4
Dodging        | 3 |  3.3
Fighting       | 1 |  1.3
Short Blades   | |  0.4
Throwing       | |  0.1

Action                   |  1- 3 |  4- 6 |  7- 9 | 10-12 || total
-------------------------+-------+-------+-------+-------++-------
Melee: Unarmed           |     2 |       |       |       ||     2
       Trident           |       |    12 |       |       ||    12
       Punch             |       |     1 |       |       ||     1
       Quarterstaff      |       |     1 |    13 |       ||    14
       Dagger            |       |       |     2 |     4 ||     6
Throw: Boomerang         |       |       |       |     1 ||     1
       Dart              |       |       |       |     4 ||     4
 Cast: Foxfire           |    72 |   112 |    72 |   114 ||   370
       Scorch            |    12 |     9 |    26 |    36 ||    83
       Kindle Blastspark |       |     6 |    15 |    13 ||    34
       Momentum Strike   |       |     2 |     2 |     1 ||     5
       Inner Flame       |       |     1 |     1 |     1 ||     3
       Hailstorm         |       |       |     3 |     8 ||    11
       Airstrike         |       |       |     6 |    24 ||    30
       Freeze            |       |       |     4 |       ||     4
       Flame Wave        |       |       |       |    11 ||    11
  Use: Scroll            |       |     4 |     6 |     9 ||    19
       Potion            |       |       |     2 |     5 ||     7
Armor: Robe              |     2 |       |     1 |       ||     3
       Leather armour    |       |       |     2 |       ||     2
       Scale mail        |       |       |     3 |    33 ||    36
Dodge: Dodged            |     6 |     2 |    22 |    38 ||    68

Table legend: (Time is in decaauts)
 A = Elapsed time spent in this place.
 B = Non-inter-level travel time spent in this place.
 C = Inter-level travel time spent in this place.
 D = Time resting spent in this place.
 E = Time spent auto-exploring this place.
 F = Levels seen in this place.
 G = Mean time per level.
                   A        B        C        D        E       F      G
               +--------+--------+--------+--------+--------+-----+--------+
         Total |  10941 |  10767 |    174 |   1611 |   7176 |  10 | 1094.1 |
       Dungeon |  10671 |  10497 |    174 |   1611 |   7053 |   9 | 1185.7 |
        Temple |    269 |    269 |      0 |      0 |    123 |   1 |  269.0 |
               +--------+--------+--------+--------+--------+-----+--------+

Top non-repeatable levels by time:
     D:7: 1482 daAuts
     D:6: 1447 daAuts
     D:9: 1327 daAuts
     D:3: 1313 daAuts
     D:8: 1182 daAuts
     D:5: 1120 daAuts
     D:4: 1039 daAuts
     D:2: 1033 daAuts
     D:1: 725 daAuts
  Temple: 269 daAuts
